 Dungeon Crawl Stone Soup version 0.22-a0-872-g6a232dd (webtiles) character file.

119 prawnwizard the Skirmisher (level 4, -6/37 HPs)
             Began as a Demonspawn Fighter on July 28, 2018.
             Mangled by Natasha (7 damage)
             ... on level 3 of the Dungeon.
             The game lasted 00:02:30 (1716 turns).

prawnwizard the Skirmisher (Demonspawn Fighter)     Turns: 1716, Time: 00:02:33

Health: -6/37      AC: 11    Str: 17    XL:     4   Next: 73%
Magic:  4/4        EV:  8    Int: 10    God:
Gold:   93         SH:  9    Dex: 12    Spells: 3/3 levels left

rFire    + . .     SeeInvis .   a - +0 long sword
rCold    . . .     Gourm    .   c - +0 shield
rNeg     . . .     Faith    .   r - +0 ring mail {rF+}
rPois    .         Spirit   .   (helmet restricted)
rElec    .         Reflect  .   (no cloak)
rCorr    .         Harm     .   (no gloves)
MR       .....                  (no boots)
Stlth    +.........             (no amulet)
HPRegen  0.12/turn              (no ring)
MPRegen  0.09/turn              (no ring)

@: sanguine armour
A: antennae 1, rot immunity, sanguine armour 1
a: no special abilities


You were on level 3 of the Dungeon.
You were not hungry.

You visited 1 branch of the dungeon, and saw 3 of its levels.

You collected 93 gold pieces.

Inventory:

Hand Weapons
 a - a +0 long sword (weapon)
Armour
 b - a +0 scale mail
 c - a +0 shield (worn)
 h - a +0 scale mail
 r - a +0 ring mail of fire resistance (worn)
Scrolls
 e - a scroll of identify {unknown}
 g - a scroll of fear {unknown}
 k - 2 scrolls of amnesia {unknown}
 l - 2 scrolls of remove curse {unknown}
 m - a scroll of enchant armour {unknown}
 o - 3 scrolls of teleportation {unknown}
 p - a scroll of noise {unknown}
 q - a scroll of blinking {unknown}
Potions
 d - 2 potions of might
 j - 2 potions of flight {unknown}
 n - 3 potions of lignification {unknown}
 s - a potion of experience {unknown}
Comestibles
 f - 4 rations
 i - 5 chunks of flesh


   Skills:
 + Level 3.7 Fighting
 * Level 3.4 Long Blades
 - Level 2.6 Armour
 - Level 1.2 Dodging
 + Level 3.0 Shields


You had 3 spell levels left.
You didn't know any spells.
Your spell library contained the following spells:

 Spells                   Type           Power        Failure   Level  Hunger
 Magic Dart               Conj           #...         97%         1    ##.....
 Conjure Flame            Conj/Fire      #.......     100%        3    ####...
 Slow                     Hex            #.......     99%         2    ###....
 Mephitic Cloud           Conj/Pois/Air  #.......     100%        3    ####...
 Blink                    Tloc           N/A          99%         2    ###....
 Call Imp                 Summ           #.......     99%         2    ###....


Dungeon Overview and Level Annotations

Branches:
Dungeon (3/15)

Altars:
Gozag

Annotations:
D:3 Natasha


Innate Abilities, Weirdness & Mutations

You have a pair of small antennae on your head.
You are immune to rotting.
When seriously injured, your bleeding wounds create armour. (AC +6)


Message History

Natasha casts a spell.
You hit Natasha but do no damage.
Natasha is lightly wounded.
Natasha claws you.
* * * LOW HITPOINT WARNING * * *
The shadow imp hits you.
* * * LOW HITPOINT WARNING * * *
You hit Natasha.
Natasha is moderately wounded.
Natasha claws you.
* * * LOW HITPOINT WARNING * * *
You block the shadow imp's attack.
You hit Natasha.
Natasha is severely wounded.
Natasha claws you but does no damage.
The shadow imp shouts, "Submit, thou clouted clay-brained pignut!"
The shadow imp hits you.
* * * LOW HITPOINT WARNING * * *
Natasha claws you!
You die...

#.........###........#
#.#.####### #........#
#.#.# ## ###.#)..##
#.#.####.######...### ####
#.#.......##.......# #...
#..##......#.####..## #...
##..#..........##...##
#...
##.#.....5..#.......###...
#.#.....@##.###.#.....##.
##.#.....h###.##.#.>.#....
#...............h......##.
#...........####..........
#...........# #....#..#..
#....#####..####..........
#....# #....##...#.....
###..# ####.##.........
##.## #............


You could see Natasha and a shadow imp.

Vanquished Creatures
  Natasha (twice) (D:3)
  An adder (D:2)
  2 worms (D:2)
  4 dart slugs
  A ball python (D:1)
  5 bats
  6 giant cockroaches
  6 hobgoblins
  3 kobolds
  A quokka (D:3)
  4 frilled lizards
  5 goblins
  9 rats
49 creatures vanquished.

Notes
Turn   | Place    | Note
-------+----------+-------------------------------------------
     0 | D:1      | prawnwizard the Demonspawn Fighter began the quest for the Orb.
     0 | D:1      | Reached XP level 1. HP: 18/18 MP: 1/1
   414 | D:1      | Gained mutation: You have a pair of small antennae on your head. [demonic ancestry]
   414 | D:1      | Reached XP level 2. HP: 20/24 MP: 2/2
   759 | D:1      | Reached skill level 1 in Dodging
   780 | D:1      | Gained mutation: When seriously injured, your bleeding wounds create armour. (AC +6) [demonic ancestry]
   780 | D:1      | Reached XP level 3. HP: 29/29 MP: 3/3
  1317 | D:2      | You fall through a shaft!
  1363 | D:3      | Found an opulent altar of Gozag.
  1530 | D:3      | Gained mutation: You are immune to rotting. [demonic ancestry]
  1530 | D:3      | Reached XP level 4. HP: 35/35 MP: 4/4
  1629 | D:3      | Noticed Natasha
  1634 | D:3      | Killed Natasha
  1661 | D:3      | Noticed Natasha
  1673 | D:3      | Killed Natasha
  1696 | D:3      | Noticed Natasha
  1716 | D:3      | HP: 1/37 [shadow imp[Natasha] (2)]
  1716 | D:3      | Mangled by Natasha

Vault maps used:
D:1:      wheals_arrival_linesprint
D:3:      grunt_gozag_statues, uniq_natasha

Skill      XL: |  1  2  3  4 |
---------------+-------------+-----
Long Blades    | 2 3 |  3.4
Dodging        | 1 |  1.2
Shields        | 3 |  3.0
Fighting       | |  3.7
Armour         | |  2.6

Action                   |  1- 3 |  4- 6 || total
-------------------------+-------+-------++-------
Melee: Long sword        |   128 |    27 ||   155
  Eat: Chunk             |     2 |     1 ||     3
Armor: Scale mail        |    47 |       ||    47
       Ring mail         |     8 |     6 ||    14
Dodge: Dodged            |    36 |     4 ||    40
Block: Shield            |    49 |     6 ||    55
       Rpst.: Long sword |    16 |     2 ||    18

Table legend:
 A = Spawn XP
 B = Non-spawn XP
 C = Spawn XP percentage of total XP
 D = Spawn monster count
 E = Non-spawn monster count
 F = Spawn count percentage of total count
 G = Total turns spent on level
                    A         B        C        D         E        F      G
               +---------+---------+-------+---------+---------+-------+---------
         Total |       0 |     170 |   0.0 |       0 |      49 |   0.0 |  1716
               +---------+---------+-------+---------+---------+-------+---------
           D:1 |       0 |      41 |   0.0 |       0 |      21 |   0.0 |   942
           D:2 |       0 |      44 |   0.0 |       0 |      14 |   0.0 |   375
           D:3 |       0 |      85 |   0.0 |       0 |      14 |   0.0 |   399
               +---------+---------+-------+---------+---------+-------+---------
